 Dungeon Crawl Stone Soup version 0.21.0-3-g78d12a8bdd (webtiles) character file.

258 NullDivider the Charlatan (level 5, -1/27 HPs)
             Began as a Spriggan Artificer on Jan 11, 2018.
             Slain by a human zombie (6 damage)
             ... in an ossuary.
             The game lasted 00:19:31 (5920 turns).

NullDivider the Charlatan (Spriggan Artificer)      Turns: 5920, Time: 00:19:32

Health: -1/27      AC:  2    Str:  8    XL:     5   Next: 94%
Magic:  9/9        EV: 19    Int: 13    God:
Gold:   178        SH:  4    Dex: 17    Spells: 4/4 levels left

rFire    . . .     SeeInvis +   l - +0 dagger (venom)
rCold    . . .     Gourm    .   (shield restricted)
rNeg     . . .     Faith    .   b - +0 robe
rPois    .         Spirit   .   (helmet restricted)
rElec    .         Reflect  +   (no cloak)
rCorr    .         Harm     .   (gloves unavailable)
MR       .....                  (boots unavailable)
Stlth    +++.......             t - +4 amulet of reflection
HPRegen  0.09/turn              (no ring)
MPRegen  0.11/turn              (no ring)

@: very quick
A: very small, unfitting armour, see invisible, herbivore, speed 3, slow
metabolism 2
a: no special abilities


You were in an ossuary.
You were very hungry.

You visited 1 branch of the dungeon, and saw 4 of its levels.
You also visited: Ossuary.

You collected 178 gold pieces.

Inventory:

Hand Weapons
 l - a +0 dagger of venom (weapon)
Armour
 b - a +0 robe (worn)
Jewellery
 s - an uncursed amulet of rage
 t - a +4 amulet of reflection (around neck)
Wands
 c - a wand of flame (31)
 d - a wand of enslavement (11)
 e - a wand of random effects (15)
Scrolls
 g - 4 scrolls of remove curse {unknown}
 h - a scroll of blinking {unknown}
 k - a scroll of amnesia {unknown}
 m - a scroll of immolation {unknown}
 n - a scroll of identify
 o - a scroll of random uselessness {unknown}
 p - a scroll of noise {unknown}
 r - 2 scrolls of magic mapping {unknown}
Potions
 a - a potion of magic {unknown}
 i - a potion of curing {unknown}
 j - a potion of berserk rage {unknown}
 q - a potion of invisibility {unknown}
 u - a potion of lignification {unknown}
Comestibles
 f - 7 rations


   Skills:
 * Level 2.6 Fighting
 * Level 3.6 Short Blades
 + Level 4.2 Dodging
 + Level 3.7 Stealth
 + Level 4.9 Evocations


You had 4 spell levels left.
You didn't know any spells.

Dungeon Overview and Level Annotations

Branches:
Dungeon (4/15)
 Temple: D:4-7

Altars:
Ashenzari
Cheibriados
Elyvilon
Makhleb
Okawaru
Ru
Vehumet
Wu Jian

Annotations:
D:4 weresquid's ghost, amateur OpAK


Innate Abilities, Weirdness & Mutations

You are very small and have problems with some larger weapons.
You are too small for most types of armour.
You have supernaturally acute eyesight. (SInv)
You are a herbivore.
You cover ground extremely quickly.
You need consume almost no food.


Message History

The human zombie is severely damaged.
The human zombie barely misses you.
You hit the human zombie.
The human zombie is severely damaged.
You hit the human zombie.
The human zombie is severely damaged.
The human zombie closely misses you.
You closely miss the human zombie.
The human zombie is severely damaged.
You block the human zombie's attack.
You barely miss the human zombie.
The human zombie is severely damaged.
You barely miss the human zombie.
The human zombie is severely damaged.
The human zombie hits you!
* * * LOW HITPOINT WARNING * * *
You hit the human zombie.
The human zombie is severely damaged.
The human zombie hits you.
You die... ###.### ##.....## #.......# ....... ..... .ZZ

#Z# #Z#
###@###
##.....##
#.......#
##...∩...##
+...∩∩∩...+
##...∩...##
#.......#
##.....##
###.###


You could see an elf zombie, a centaur zombie and 2 human zombies.

Vanquished Creatures
  A crimson imp (D:3)
  A hound skeleton (D:4)
  2 mummies
  4 gnolls
  4 adders
  3 oozes
  A dart slug (D:1)
  2 leopard geckos (D:1)
  6 bats
  4 giant cockroaches
  12 goblins
  6 hobgoblins
  2 jackals (D:3)
  9 kobolds
  6 frilled lizards
  A hobgoblin zombie (D:4)
  A kobold zombie (D:4)
  9 rats
74 creatures vanquished.

Vanquished Creatures (others)
  A howler monkey (D:3)
1 creature vanquished.

Grand Total: 75 creatures vanquished

Notes
Turn   | Place    | Note
-------+----------+-------------------------------------------
     0 | D:1      | NullDivider the Spriggan Artificer began the quest for the Orb.
     0 | D:1      | Reached XP level 1. HP: 9/9 MP: 4/4
    46 | D:1      | Reached skill level 1 in Fighting
   315 | D:1      | Reached XP level 2. HP: 8/14 MP: 6/6
  1474 | D:1      | Reached XP level 3. HP: 18/18 MP: 7/7
  2168 | D:2      | Found a faded altar of an unknown god.
  2485 | D:2      | Reached XP level 4. HP: 20/23 MP: 8/8
  2737 | D:2      | Found an ornate altar of the Wu Jian Council.
  3475 | D:3      | Reached XP level 5. HP: 18/26 MP: 9/9
  3715 | D:3      | Found a white marble altar of Elyvilon.
  3725 | D:3      | Found an iron altar of Okawaru.
  3728 | D:3      | Found a shattered altar of Ashenzari.
  3728 | D:3      | Found a snail-covered altar of Cheibriados.
  3731 | D:3      | Found a sacrificial altar of Ru.
  4501 | D:3      | Found a burning altar of Makhleb.
  4502 | D:3      | Found a radiant altar of Vehumet.
  5842 | D:4      | Noticed weresquid's ghost (amateur OpAK)
  5853 | D:4      | Found a sand-covered staircase.
  5859 | Ossuary  | Entered an ossuary
  5920 | Ossuary  | Slain by a human zombie

Skill      XL: |  1  2  3  4  5 |
---------------+----------------+-----
Fighting       | 1 2 |  2.6
Stealth        | 2 3 |  3.7
Short Blades   | 2 3 |  3.6
Dodging        | 4 |  4.2
Evocations     | |  4.9

Action                   |  1- 3 |  4- 6 || total
-------------------------+-------+-------++-------
Melee: Short sword       |   107 |       ||   107
       Dagger            |    44 |   190 ||   234
Evoke: Wand              |     2 |     6 ||     8
  Use: Scroll            |     1 |     2 ||     3
 Stab: Sleeping          |     3 |     7 ||    10
       Distracted        |       |     1 ||     1
  Eat: Ration            |       |     1 ||     1
Armor: Robe              |     9 |    11 ||    20
Dodge: Dodged            |   105 |   112 ||   217
Block: Other             |       |    11 ||    11
       Reflection        |       |     1 ||     1
